 Dungeon Crawl Stone Soup version 0.31-a0-521-gc7390f8997 (webtiles) character file.

Game seed: 2022068786439866161

102519 AiryTheDragon the Thaumaturge (level 15, -10/184 HPs)
             Began as a Red Draconian Shapeshifter on Aug 7, 2023.
             Was a High Priest of Zin.
             Killed from afar by a ynoxinul (16 damage)
             ... with an entropic shot
             ... on level 2 of the Abyss on Aug 11, 2023.
             The game lasted 10:34:10 (33087 turns).

AiryTheDragon the Thaumaturge (DrSh)               Turns: 33087, Time: 10:34:11

Health: -10/184    AC: 17    Str: 18    XL:     15   Next: 86%
Magic:  4/29       EV: 14    Int: 12    God:    Zin [*****.]
Gold:   316        SH: 11    Dex: 15    Spells: 2/34 levels left

rFire   . . .        V - +2 trident (venom)
rCold   + + +        K - +0 kite shield
rNeg    . . .        (body armour unavailable)
rPois   +            (helmet restricted)
rElec   .            W - +2 cloak {rPois}
rCorr   .            P - +2 pair of gloves {Stlth+}
SInv    +            C - +1 pair of boots {Stlth+}
Will    .....        J - amulet of the acrobat Stlth
                     Z - ring of ice
HPRegen 0.50/turn    n - ring "Usijedde" {rC+++ Will- Slay+2 SInv Stlth-}
MPRegen 0.21/turn

%: acrobat
@: berserking, on recite cooldown, freezing walls, studying 2 skills, very quick
A: breathe fire, AC +9, unfitting armour, fire resistance 1, cold-blooded
a: Breathe Fire, Renounce Religion, Recite, Vitalisation, Imprison, Sanctuary,
Donate Gold


You were on level 2 of the Abyss.
You worshipped Zin.
Zin was extremely pleased with you.
You visited 8 branches of the dungeon, and saw 26 of its levels.
You visited the Abyss 1 time.
You also visited: Sewer, Ossuary, Ice Cave and Volcano.

You collected 2297 gold pieces.
You spent 1507 gold pieces at shops.
You donated 474 gold pieces to Zin.

Inventory:

Hand Weapons
 k - a +3 mace of protection
 m - the +7 spear of Subjectivity {holy, rF+ Str-4 Int+3 Dex+3}
   (You found it on level 9 of the Dungeon)

   Str-4:     It affects your strength (-4).
   Int+3:     It affects your intelligence (+3).
   Dex+3:     It affects your dexterity (+3).
   rF+:       It protects you from fire.
 s - a +1 sling of flaming
 A - the +3 trident "Kaifahic" {flame, rN+ Str+8}
   (You found it on level 5 of the Lair of Beasts)

   Str+8:     It affects your strength (+8).
   rN+:       It protects you from negative energy.
 O - a +2 longbow of freezing
 Q - a +2 war axe of flaming
 V - a +2 trident of venom (weapon)
Missiles
 i - 3 silver javelins
 v - 16 poisoned darts
 D - 2 throwing nets
 E - 5 atropa-tipped darts
 U - 11 boomerangs
Armour
 x - a +2 tower shield of cold resistance
 C - a +1 pair of boots of stealth (worn)
 K - a +0 kite shield (worn)
 P - a +2 pair of gloves of stealth (worn)
 W - a +2 cloak of poison resistance (worn)
 Y - a +1 buckler of cold resistance
Jewellery
 h - a ring of flight
 l - a +5 ring of evasion
 n - the ring "Usijedde" (right hand) {rC+++ Will- Slay+2 SInv Stlth-}
   (You found it in a sewer)

   [ring of see invisible]

   Slay+2:    It affects your accuracy & damage with ranged weapons and melee
   (+2).
   rC+++:     It renders you almost immune to cold.
   Will-:     It decreases your willpower.
   SInv:      It lets you see invisible.
   Stlth-:    It makes you less stealthy.
 J - an amulet of the acrobat (around neck)
 Z - a ring of ice (left hand)
Talismans
 b - a beast talisman
Wands
 q - a wand of paralysis (10)
 F - a wand of roots (2)
 R - a wand of digging (8)
 X - a wand of flame (18)
Scrolls
 a - a scroll of identify
 f - 2 scrolls of immolation
 j - 3 scrolls of fog
 t - 2 scrolls of amnesia
 w - 3 scrolls of revelation
 y - a scroll of poison
 M - 2 scrolls of silence
 N - 4 scrolls of vulnerability
 S - a scroll of teleportation
Potions
 c - a potion of enlightenment
 d - 3 potions of mutation
 e - 2 potions of curing
 g - 3 potions of brilliance
 o - a potion of ambrosia
 r - 3 potions of might
 u - 2 potions of invisibility
 z - a potion of heal wounds
 B - a potion of haste
 H - a potion of berserk rage
 T - 2 potions of magic
Miscellaneous
 p - a phial of floods (inert)
 L - a phantom mirror (inert)


   Skills:
 * Level 8.7 Fighting
 + Level 1.2 Short Blades
 + Level 5.6 Maces & Flails
 + Level 7.9 Polearms
 + Level 8.8 Ranged Weapons
 + Level 2.1 Throwing
 * Level 7.7 Dodging
 + Level 5.9 Stealth
 * Level 9.5 Shields
 + Level 3.8 Unarmed Combat
 + Level 10.0 Spellcasting
 + Level 5.0 Conjurations
 * Level 3.8 Hexes
 * Level 7.5 Summonings
 + Level 7.0 Ice Magic
 + Level 2.6 Air Magic
 + Level 3.1 Poison Magic
 + Level 5.7 Invocations
 * Level 6.2 Evocations
 + Level 6.0 Shapeshifting


You had 2 spell levels left.
You knew the following spells:

 Your Spells              Type           Power      Damage    Failure   Level
a - Freeze                Ice            100%       1d10      1%          1
b - Frozen Ramparts       Ice            68%        1d11      4%          3
c - Call Imp              Summ           48%        N/A       1%          2
d - Mephitic Cloud        Conj/Pois/Air  14%        N/A       17%         3
e - Hailstorm             Conj/Ice       30%        3d8       6%          3
f - Summon Ice Beast      Ice/Summ       35%        N/A       12%         4
g - Call Canine Familiar  Summ           24%        N/A       3%          3
h - Summon Mana Viper     Hex/Summ       19%        N/A       54%         5
i - Dazzling Flash        Conj/Hex       32%        N/A       12%         3
j - Freezing Cloud        Conj/Ice/Air   13%        6-21      65%         5

Your spell library contained the following spells:

 Spells                   Type           Power      Damage    Failure   Level
 Summon Small Mammal      Summ           96%        N/A       1%          1
 Magic Dart               Conj           72%        1d6       3%          1
 Shock                    Conj/Air       60%        1d6       4%          1
 Wereblood                Tmut           6%         N/A       36%         2
 Summon Forest            Summ/Tloc      7%         N/A       82%         5
 Summon Cactus Giant      Summ           12%        N/A       86%         6
 Silence                  Hex/Air        6%         N/A       87%         5
 Irradiate                Conj/Tmut      6%         3d13      94%         5
 Agony                    Necr           6%         N/A       100%        5
 Simulacrum               Ice/Necr       10%        N/A       100%        6
 Maxwell's Capacitive Co  Air            6%         ∞         100%        8


Dungeon Overview and Level Annotations

Branches:
Dungeon (14/15)            Temple (1/1) D:7            Lair (5/5) D:11
  Swamp (1/4) Lair:3        Snake (1/4) Lair:2        Slime (1/5) Lair:4
    Orc (2/2) D:11            Elf (1/3) Orc:2         Sewer (visited)
Ossuary (visited)           IceCv (visited)         Volcano (visited)
 Vaults: D:13-14

Altars:
Ashenzari
Cheibriados
Dithmenos
Elyvilon
Fedhas
Gozag
Hepliaklqana
Kikubaaqudgha
Makhleb
Nemelex Xobeh
Okawaru
Qazlal
Ru
Sif Muna
Trog
Uskayaw
Vehumet
Wu Jian
Xom
Yredelemnul
Zin
The Shining One
Jiyva

Shops:
D:5 (   D:7 [   D:9 :

Annotations:
D:14 Louise


Innate Abilities, Weirdness & Mutations

You can breathe blasts of fire.
Your fiery red scales are hard. (AC +9)
You cannot fit into any form of body armour.
Your flesh is heat resistant. (rF+)
You are cold-blooded and may be slowed by cold attacks.


Message History

The tentacled starspawn closely misses you.
The tentacled starspawn tentacle-slaps you.
* * * LOW HITPOINT WARNING * * *
The ynoxinul gestures.
You hear a bark!
You barely miss the tentacled starspawn.
You tail-slap the tentacled starspawn.
You destroy the tentacled starspawn!
The starspawn's tentacles wither and die.
You hear a bark!
The wall freezes the unseen horror.
You block the unseen horror's attack.
The wall freezes the unseen horror but does no damage.
The unseen horror hits your ice beast.
Your ice beast dies!
Your ice beast disappears in a puff of smoke!
The wall freezes the raiju!
The smoke demon gestures at you. Something smites you!
* * * LOW HITPOINT WARNING * * *
You puncture the unseen horror!
The unseen horror is poisoned.
Your tail-slap misses the unseen horror.
The unseen horror is almost dead.
The wall freezes the unseen horror but does no damage.
The unseen horror barely misses you.
The wall freezes the unseen horror but does no damage.
The ynoxinul gestures at you.
The entropic shot hits you but does no damage.
The wall freezes the raiju!
The wall freezes the unseen horror.
You kill the unseen horror!
You hear a bark!
Okay, then.
You barely miss the ynoxinul.
The ynoxinul is moderately wounded.
You hear a bark!
The wall freezes the ufetubus but does no damage.
The ufetubus splashes around in the water. x2
The ufetubus resists.
The wall freezes the ufetubus.
The ynoxinul gestures at you. The entropic shot hits you!
You die...

##~~~~ # #
.. .
#~≈~~~~# #
.. .. .#
#~≈~~≈~. .##
w... . .
##~~~~#. .##
Y .h . .
#.##~~~~~~##
# . .
#..~≈~~~.#
Y### .# . .
#~~~53.#
.#.. ## . h.
..##~~~35.#
...## .
...~h5h5@##
#.# . .
.~~~~~§####∩
... .
#≈~~~~.# .#.
# ~~~~~≈#
.#.. #.
~~~~~ ## #
~~~~~ ~.~~~
~ ~~~


You could see a smoke demon (corona), 2 raiju, a ynoxinul and 4 ufetubi.

Vanquished Creatures
  A tentacled starspawn (Abyss:2)
  Kirke (Lair:3)
  A rakshasa (D:12)
  5 hydras
  A merfolk avatar (Lair:5)
  2 ironbound frosthearts (IceCv)
  A centaur warrior (D:14)
  7 two-headed ogres
  11 death yaks
  An orc high priest (Orc:2)
  A shock serpent (Snake:1)
  3 skysharks
  7 skeletal warriors
  7 nameless horrors
  2 bog bodies (Lair:3)
  A lindwurm (Lair:5)
  4 orc knights (Orc:2)
  A harpy (Lair:5)
  5 ugly things
  4 orc sorcerers
  2 salamanders (Snake:1)
  A cyclops (D:9)
  3 manticores
  An oklob plant (Lair:2)
  Joseph (D:7)
  6 black mambas
  Maurice (D:8)
  9 elephants
  13 cane toads
  An ice statue (IceCv)
  2 torpor snails
  Maggie (D:8)
  An efreet (D:14)
  5 rime drakes
  8 komodo dragons
  5 unseen horrors
  A tengu conjurer (D:14)
  6 trolls
  A hornet (Lair:5)
  11 polar bears
  Prince Ribbit (Lair:2)
  A wind drake (Lair:5)
  Grinder (D:4)
  A tarantella (shapeshifter) (Orc:2)
  A raiju (Abyss:2)
  3 dream sheep (Lair:4)
  21 blink frogs
  5 slime creatures
  A spriggan (shapeshifter) (D:14)
  A spriggan (Lair:4)
  66 yaks
  3 shadows
  6 wyverns
  3 wraiths
  Eustachio (D:5)
  3 hogs (Lair:3)
  4 basilisks
  2 steam dragons
  A vampire mosquito (D:12)
  2 swamp worms (Lair:3)
  5 wargs
  A naga (Snake:1)
  3 acid dragons
  16 water moccasins
  Duvessa (D:6)
  2 hell hounds (Volcano)
  An ice beast (D:8)
  27 orc warriors
  A black bear (D:5)
  3 sky beasts
  4 ogres
  35 wolves
  7 centaurs
  A phantom (D:5)
  2 kobold brigands
  Blork the orc (D:6)
  9 bullfrogs
  3 gnoll sergeants
  2 scorpions (D:6)
  4 wights (D:7)
  17 killer bees
  Dowan (D:6)
  A vampire bat (Lair:5)
  2 electric eels (Lair:2)
  14 howler monkeys
  4 lava snakes (Lair:4)
  4 hounds
  An iron imp (D:5)
  A jelly (D:7)
  4 gnoll boudas
  20 orc priests
  Jessica (D:2)
  A sleepcap (D:7)
  5 iguanas
  27 orc wizards
  10 hell rats
  9 mummies
  32 gnolls
  10 adders
  22 river rats
  3 shadow imps
  13 white imps
  2 ufetubi
  A worm (D:2)
  3 dart slugs
  89 orcs
  15 bats
  14 endoplasms
  23 giant cockroaches
  A gnoll zombie (Ossuary)
  8 goblins
  7 hobgoblins
  4 jackals (D:5)
  19 quokkas
  11 ball pythons
  9 frilled lizards
  A goblin zombie (D:4)
  A hobgoblin zombie (Ossuary)
  10 kobolds
  7 kobold zombies
  17 rats
844 creatures vanquished.

Vanquished Creatures (collateral kills)
  A bunyip (Lair:3)
  A catoblepas (Lair:5)
  A centaur warrior (D:14)
  A boulder beetle (D:13)
  A death yak (Lair:1)
  An orc high priest (Orc:2)
  A skyshark (Lair:5)
  A harpy (Lair:5)
  An ugly thing (D:12)
  A cyclops (D:12)
  A naga mage (Snake:1)
  A smoke demon (Volcano)
  2 elephants
  A gargoyle (D:11)
  2 molten gargoyles (Lair:4)
  6 cane toads
  2 komodo dragons
  A wind drake (Lair:5)
  5 blink frogs
  2 dream sheep (Lair:4)
  2 slime creatures
  7 yaks
  A basilisk (Lair:1)
  A steam dragon (Lair:5)
  5 water moccasins
  8 orc warriors (Orc:2)
  A black bear (Lair:4)
  A wolf (Lair:5)
  A lava snake (Lair:4)
  2 orc priests (Orc:2)
  3 orc wizards
  A hell rat (Lair:5)
  2 river rats
  7 orcs
75 creatures vanquished.

Vanquished Creatures (others)
  A death yak (IceCv)
  2 wolves (IceCv)
  An orc priest (Orc:2)
  4 spectral weapons (IceCv)
  7 starspawn tentacles (Abyss:2)
15 creatures vanquished.

Grand Total: 934 creatures vanquished

Notes
Turn   | Place    | Note
-------+----------+-------------------------------------------
     0 | D:1      | AiryTheDragon the Draconian Shapeshifter began the quest
                  | for the Orb.
     0 | D:1      | Reached XP level 1. HP: 16/16 MP: 1/1
   151 | D:1      | Reached XP level 2. HP: 11/23 MP: 2/2
   264 | D:1      | Reached XP level 3. HP: 25/28 MP: 3/3
   486 | D:1      | You fall into a shaft and drop 1 floor!
   598 | D:2      | Noticed Jessica
   628 | D:2      | Killed Jessica
   629 | D:2      | Reached XP level 4. HP: 35/35 MP: 4/4
   937 | D:1      | Reached skill level 1 in Short Blades
  1302 | D:3      | Found a glowing drain.
  1323 | Sewer    | Entered a sewer
  1361 | Sewer    | Reached XP level 5. HP: 39/40 MP: 5/5
  1483 | Sewer    | Reached skill level 1 in Maces & Flails
  1624 | Sewer    | Identified the ring "Usijedde" {rC+++ Will- Slay+2 SInv
                  | Stlth-}
  2083 | D:3      | Reached XP level 6. HP: 46/48 MP: 6/6
  2340 | D:4      | Found a shimmering blue altar of Sif Muna.
  2365 | D:4      | Reached skill level 1 in Stealth
  2405 | D:4      | Noticed Grinder
  2420 | D:4      | Killed Grinder
  2421 | D:4      | Your scales start taking on a fiery red colour.
  2421 | D:4      | Reached XP level 7. HP: 36/56 MP: 7/7
  2421 | D:4      | Gained mutation: Your flesh is heat resistant. (rF+) [Red
                  | Draconian growth]
  2501 | D:4      | Found a sand-covered staircase.
  2507 | Ossuary  | Entered an ossuary
  2563 | Ossuary  | Reached skill level 1 in Ranged Weapons
  2828 | D:4      | Learned a level 1 spell: Freeze
  2832 | D:4      | Learned a level 3 spell: Frozen Ramparts
  2837 | D:4      | Found an ancient bone altar of Kikubaaqudgha.
  2861 | D:4      | Found a broken altar of Ashenzari.
  2984 | D:5      | Entered Level 5 of the Dungeon
  2986 | D:5      | Noticed Eustachio
  2996 | D:5      | Killed Eustachio
  3039 | D:5      | Found a snail-covered altar of Cheibriados.
  3052 | D:5      | Reached skill level 1 in Ice Magic
  3136 | D:5      | Reached XP level 8. HP: 58/63 MP: 8/8
  3245 | D:5      | Reached skill level 5 in Shapeshifting
  3331 | D:5      | Found Emapt's Weapon Shop.
  3429 | D:5      | Found an opulent altar of Gozag.
  3430 | D:5      | Found a sparkling altar of Nemelex Xobeh.
  3915 | D:6      | Reached skill level 1 in Evocations
  3952 | D:6      | Noticed Dowan
  3954 | D:6      | Noticed Duvessa
  3966 | D:6      | Killed Duvessa
  3972 | D:6      | Killed Dowan
  3978 | D:6      | Found a shimmering blue altar of Sif Muna.
  4028 | D:6      | Found an iron altar of Okawaru.
  4030 | D:6      | Noticed Blork the orc
  4037 | D:6      | Killed Blork the orc
  4038 | D:6      | Reached skill level 5 in Ranged Weapons
  4234 | D:6      | Learned a level 2 spell: Call Imp
  4436 | D:7      | Noticed Joseph
  4448 | D:7      | Reached XP level 9. HP: 62/71 MP: 9/9
  4459 | D:7      | Killed Joseph
  4460 | D:7      | Reached skill level 1 in Summonings
  4914 | D:7      | Reached skill level 1 in Spellcasting
  5105 | D:7      | Identified the +2 robe "Guut" {+Inv rF+}
  5241 | D:7      | Found a staircase to the Ecumenical Temple.
  5262 | Temple   | Entered the Ecumenical Temple
  5283 | Temple   | Became a worshipper of Zin the Law-Giver
  5283 | Temple   | Reached * piety under Zin
  5283 | Temple   | Reached ** piety under Zin
  5284 | Temple   | Donated 245 gold pieces to Zin
  5323 | D:7      | Found Lyetobess's Antique Armour Shoppe.
  5350 | D:7      | Bought a buckler for 85 gold pieces
  5350 | D:7      | Bought a pair of embroidered gloves for 142 gold pieces
  5441 | D:7      | Reached skill level 5 in Maces & Flails
  5606 | D:7      | Reached skill level 1 in Shields
  5625 | D:7      | Reached skill level 2 in Spellcasting
  5630 | D:7      | Learned a level 3 spell: Mephitic Cloud
  5984 | D:8      | Noticed a two-headed ogre
  6300 | D:8      | Reached XP level 10. HP: 80/80 MP: 13/13
  6307 | D:8      | Noticed Maurice
  6318 | D:8      | Noticed a two-headed ogre
  6325 | D:8      | Reached skill level 5 in Fighting
  6329 | D:8      | Reached skill level 1 in Poison Magic
  6335 | D:8      | Killed a two-headed ogre
  6347 | D:8      | Killed Maurice
  6750 | D:8      | Killed a two-headed ogre
  6751 | D:8      | Reached skill level 3 in Spellcasting
  6904 | D:8      | Reached skill level 1 in Air Magic
  6993 | D:8      | Reached *** piety under Zin
  7059 | D:8      | Noticed Maggie
  7085 | D:8      | Killed Maggie
  7399 | D:8      | Upgraded the game from 0.31-a0-473-g61b50ae490 to
                  | 0.31-a0-496-g6f97920a28
  7504 | D:9      | Noticed a cyclops
  7517 | D:9      | Killed a cyclops
  7518 | D:9      | Reached XP level 11. HP: 89/89 MP: 16/16
  7541 | D:9      | Found Riguwyan's Self-Improvement Boutique.
  7785 | D:9      | Noticed a two-headed ogre
  7812 | D:9      | Killed a two-headed ogre
  7813 | D:9      | Reached skill level 1 in Invocations
  8115 | D:9      | Identified the +7 spear of Subjectivity {holy, rF+ Str-4
                  | Int+3 Dex+3}
  8122 | D:9      | Learned a level 3 spell: Hailstorm
  8187 | D:9      | Reached **** piety under Zin
  8460 | D:10     | Entered Level 10 of the Dungeon
  8550 | D:10     | Found a blossoming altar of Fedhas.
  8562 | D:10     | Noticed a two-headed ogre
  8575 | D:10     | Reached skill level 1 in Conjurations
  8578 | D:10     | Killed a two-headed ogre
  8579 | D:10     | Reached skill level 5 in Dodging
  8579 | D:10     | Reached skill level 4 in Spellcasting
  8933 | D:10     | Found a basalt altar of Yredelemnul.
  9296 | D:10     | Reached skill level 1 in Polearms
  9604 | D:10     | Reached ***** piety under Zin
  9816 | D:11     | Found a frozen archway.
  9855 | IceCv    | Entered an ice cave
 10247 | IceCv    | Reached skill level 5 in Spellcasting
 10359 | IceCv    | Noticed a death yak
 10378 | IceCv    | Killed a death yak
 10599 | IceCv    | Reached XP level 12. HP: 21/96 MP: 10/20
 10949 | IceCv    | Noticed a death yak
 10953 | IceCv    | Noticed a death yak
 11014 | IceCv    | Killed a death yak
 11203 | IceCv    | Noticed a death yak
 11228 | IceCv    | Noticed a death yak
 11236 | IceCv    | Noticed a death yak
 11239 | IceCv    | Killed a death yak
 11246 | IceCv    | Killed a death yak
 11468 | IceCv    | Noticed an ironbound frostheart
 11496 | IceCv    | Killed an ironbound frostheart
 11497 | IceCv    | Reached skill level 5 in Shields
 11908 | IceCv    | Noticed an ironbound frostheart
 11932 | IceCv    | Killed an ironbound frostheart
 12133 | IceCv    | Reached skill level 6 in Spellcasting
 12330 | IceCv    | Killed a death yak
 12448 | IceCv    | Learned a level 4 spell: Summon Ice Beast
 12455 | IceCv    | Noticed a death yak
 12502 | IceCv    | Killed a death yak
 12571 | IceCv    | Killed a death yak
 12780 | IceCv    | Identified the +9 broad axe "Zigoysu" {vamp, +Blink rPois}
 12789 | IceCv    | Identified the +7 dagger of the Unseen Realm {drain, Will+
                  | Dex+4}
 12951 | D:11     | Noticed a two-headed ogre
 12965 | D:11     | Killed a two-headed ogre
 12989 | D:11     | Found a staircase to the Lair.
 13012 | D:11     | Reached skill level 1 in Throwing
 13012 | D:11     | Reached skill level 5 in Invocations
 13237 | D:11     | Reached skill level 5 in Ice Magic
 13644 | D:11     | Reached skill level 5 in Polearms
 13705 | D:11     | Reached XP level 13. HP: 37/103 MP: 23/23
 14492 | D:11     | Found a staircase to the Orcish Mines.
 14524 | Orc:1    | Entered Level 1 of the Orcish Mines
 15147 | Orc:1    | Reached ****** piety under Zin
 15159 | Orc:1    | You fall into a shaft and drop 1 floor!
 15159 | Orc:2    | Entered Level 2 of the Orcish Mines
 15159 | Orc:2    | Found a staircase to the Elven Halls.
 15300 | Orc:2    | Noticed an orc warlord
 15472 | Orc:1    | Upgraded the game from 0.31-a0-496-g6f97920a28 to
                  | 0.31-a0-507-gbafd7f5274
 15792 | Orc:2    | Reached skill level 7 in Spellcasting
 15952 | Orc:2    | Found Waonuas's Weapon Shop.
 16095 | Orc:2    | Reached skill level 5 in Conjurations
 16422 | Elf:1    | Entered Level 1 of the Elven Halls
 16972 | Orc:2    | Upgraded the game from 0.31-a0-507-gbafd7f5274 to
                  | 0.31-a0-521-gc7390f8997
 17760 | Lair:1   | Entered Level 1 of the Lair of Beasts
 19119 | Lair:2   | Noticed Prince Ribbit
 19128 | Lair:2   | Killed Prince Ribbit
 19590 | Lair:2   | Reached skill level 5 in Summonings
 19590 | Lair:2   | Reached XP level 14. HP: 111/111 MP: 12/25
 19593 | Lair:2   | Reached skill level 8 in Spellcasting
 20157 | Lair:2   | Found a staircase to the Snake Pit.
 22035 | Snake:1  | Entered Level 1 of the Snake Pit
 22058 | Lair:2   | HP: 4/111 [anaconda (11)]
 22778 | Lair:3   | Identified the +7 broad axe of Myec Howk {freeze, Fragile
                  | rElec Stlth+}
 22803 | Lair:3   | Noticed Kirke
 22817 | Lair:3   | Killed Kirke
 22860 | Lair:3   | Identified the +4 spear of Ragnarok {heavy, Stlth+}
 23317 | Lair:3   | Found a staircase to the Swamp.
 24185 | Lair:4   | Identified 2 scrolls of acquirement
 24191 | Lair:4   | Acquired AiryTheDragon's Tome of Allied Electricity
 24197 | Lair:4   | Learned a level 3 spell: Call Canine Familiar
 24197 | Lair:4   | Acquired a +0 pair of boots of stealth
 24556 | Lair:4   | Found a sacrificial altar of Ru.
 25027 | Lair:4   | Found a staircase to the Slime Pits.
 25043 | Lair:4   | Learned a level 5 spell: Summon Mana Viper
 25096 | Lair:4   | Reached skill level 5 in Stealth
 25362 | Lair:4   | Reached skill level 5 in Evocations
 25522 | Lair:4   | Found a viscous altar of Jiyva.
 25554 | Lair:4   | Reached skill level 1 in Hexes
 25829 | Lair:4   | Reached skill level 9 in Spellcasting
 26329 | Lair:5   | Entered Level 5 of the Lair of Beasts
 26488 | Lair:5   | Found a dark tunnel.
 26497 | Volcano  | Entered a volcano
 26610 | Volcano  | Learned a level 3 spell: Dazzling Flash
 26676 | Volcano  | HP: 4/113 [smoke demon/divine providence (9)]
 26683 | Volcano  | HP: 4/114 [smoke demon/divine providence (10)]
 26734 | Volcano  | Reached XP level 15. HP: 25/121 MP: 17/28
 29153 | Lair:5   | Found the +9 sword of Zonguldrok {reap}
 29164 | Lair:5   | Identified the +3 trident "Kaifahic" {flame, rN+ Str+8}
 29675 | Slime:1  | Entered Level 1 of the Pits of Slime
 29675 | Slime:1  | Noticed an acid blob
 29675 | Slime:1  | Noticed an acid blob
 29787 | Swamp:1  | Entered Level 1 of the Swamp
 30474 | D:9      | Bought a manual of Summonings for 1280 gold pieces
 30873 | D:12     | Learned a level 5 spell: Freezing Cloud
 32397 | D:13     | Reached skill level 10 in Spellcasting
 32804 | D:14     | Noticed Louise
 33006 | Abyss:2  | Found a corrupted altar of Lugonu.
 33006 | Abyss:2  | Cast into level 2 of the Abyss (Louise)
 33037 | Abyss:2  | Noticed a tentacled starspawn
 33085 | Abyss:2  | Killed a tentacled starspawn
 33085 | Abyss:2  | HP: 6/184 [smoke demon/divine providence (11)]
 33087 | Abyss:2  | Killed from afar by a ynoxinul

Illustrated notes

Levels and vault maps discovered:
D:1:      elethiomel_arrival_shortcut, layout_rooms
D:2:      layout_rooms, minivault_24, minmay_small_reverse_x, uniq_jessica
D:3:      minmay_roachtagon, layout_loops_cross, portal_sewer_entry_f,
          nrook_mini_backslash
D:4:      layout_rooms, mainiacjoe_overflow_two_lobes,
          nicolae_ossuary_entry_giza, minmay_ruined_shrine, uniq_grinder
D:5:      layout_gridville, grunt_temple_overflow_opulence, slow_altar_1,
          serial_shops, nicolae_shop_tiny_glass, uniq_eustachio
D:6:      layout_basic, hellmonk_okawaru_the_only_friend_you_need,
          mainiacjoe_overflow_catwalk, uniq_duvessa, uniq_blork_the_orc
D:7:      layout_basic, minmay_temple_entry_glass, serial_rivers,
          chequers_serial_rivers_marsh, chequers_serial_rivers_micro_b,
          chequers_serial_rivers_micro_d, chequers_serial_rivers_small_b,
          serial_shops, shop, st_stairs_7, minmay_increasing_density,
          uniq_joseph
D:8:      hangedman_cross_stitches, layout_basic, uniq_maurice, uniq_maggie
D:9:      layout_irregular_city, nicolae_shop_self_help
D:10:     layout_basic, nicolae_overflow_hidden_temple, general_overflow_altar,
          special_room [special_room_orc]
D:11:     layout_loops_ring, erik_lair_orcish_takeover, david_orc_2,
          portal_ice_cave_entry_imps
D:12:     layout_stronghold, minmay_fractal_squares_diagonal_5
D:13:     layout_roguey
D:14:     layout_cave_pools, ximxim_vaults_locker_room, eino_curves_03,
          uniq_louise
Temple:   nicolae_temple_figure_eight
Lair:1:   layout_loops_ring, grunt_forest_small_clearings, minivault_24,
          hangedman_lair_generics_rect, grunt_megastairs_3
Lair:2:   lemuel_ratsnest, layout_regular_city,
          minmay_snake_entry_six_corridors, nicolae_lair_lil_pond, st_stairs_3,
          serial_bayou_shore_a, infiniplex_staircase_pool, uniq_prince_ribbit2
Lair:3:   layout_cave_pods, minmay_swamp_entry_worms, ldierk_geyser,
          minivault_23, uniq_kirke
Lair:4:   cheibrodos_magma_flow, layout_gridlike, slime_entry_1, basic_altar,
          grunt_forest_stairs_clearing, lemuel_fruit_tree, grunt_megastairs_4
Lair:5:   gammafunk_lair_ancient_temple, layout_small_grid, enter_volcano_2,
          roderic_batcave, kennysheep_rathole
Swamp:1:  nicolae_swamp_ascending_descending, layout_basic_swamp,
          evilmike_swamp_ruin_house_1
Snake:1:  layout_onion_interference, uniq_mlioglotl
Slime:1:  layout_caves
Orc:1:    layout_caves
Orc:2:    st_orc_congregation, layout_diamond_mine, serial_shops, shop
Elf:1:    minmay_elf_arrival_plus, layout_rooms,
          hangedman_elven_crosses_minicolossus, minmay_misc_feat_columns,
          grunt_ministairs_3, minmay_shoptagon
Abyss:2:  base:
Crypt:2

Skill      XL: |  1  2  3  4  5  6  7  8  9 10 11 12 13 14 15 |
---------------+----------------------------------------------+-----
Dodging        | 2 3 4 5 6 7 |  7.7
Shapeshifting  | 4 5 6 |  6.0
Short Blades   | 1 |  1.2
Maces & Flails | 2 3 4 5 |  5.6
Fighting       | 2 3 4 5 6 7 8 |  8.7
Stealth        | 1 2 3 5 |  5.9
Ranged Weapons | 3 5 6 8 |  8.8
Ice Magic      | 1 2 3 4 5 6 7 |  7.0
Evocations     | 1 2 3 5 6 |  6.2
Summonings     | 1 3 5 6 7 |  7.5
Spellcasting   | 2 3 5 6 7 9 10 | 10.0
Shields        | 1 3 4 6 8 9 |  9.5
Poison Magic   | 2 3 |  3.1
Air Magic      | 2 |  2.6
Invocations    | 3 5 |  5.7
Conjurations   | 3 4 5 |  5.0
Polearms       | 3 5 6 7 |  7.9
Throwing       | 1 2 |  2.1
Hexes          | 1 3 |  3.8
Unarmed Combat | |  3.8

Action                     |  1- 3 |  4- 6 |  7- 9 | 10-12 | 13-15 || total
---------------------------+-------+-------+-------+-------+-------++-------
  Melee: Unarmed           |    15 |       |       |       |       ||    15
         Tailslap          |     9 |     9 |    21 |   137 |   279 ||   455
         Club              |    20 |       |       |       |       ||    20
         Punch             |     2 |     8 |     5 |       |       ||    15
         Dagger            |    40 |    25 |       |       |       ||    65
         Mace              |       |   165 |   106 |    67 |     1 ||   339
         Spear             |       |       |    22 |   646 |   300 ||   968
         Trident           |       |       |       |       |  1056 ||  1056
         Sling             |       |       |       |       |     2 ||     2
         War axe           |       |       |       |       |     4 ||     4
   Fire: Sling             |       |     4 |   278 |   226 |   152 ||   660
  Throw: Dart              |       |       |       |    33 |    70 ||   103
         Boomerang         |       |       |       |     4 |    10 ||    14
         Javelin           |       |       |       |     6 |     6 ||    12
         Throwing net      |       |       |       |     1 |       ||     1
   Cast: Frozen Ramparts   |       |       |     6 |    80 |   137 ||   223
         Call Imp          |       |       |     2 |       |       ||     2
         Mephitic Cloud    |       |       |       |    12 |    45 ||    57
         Summon Ice Beast  |       |       |       |     5 |   162 ||   167
         Call Canine Famil |       |       |       |       |    28 ||    28
         Hailstorm         |       |       |       |       |     2 ||     2
         Freeze            |       |       |       |       |     1 ||     1
 Invoke: Donate Gold       |       |       |     1 |       |       ||     1
         Vitalisation      |       |       |       |     2 |     9 ||    11
         Recite            |       |       |       |     1 |    20 ||    21
         Imprison          |       |       |       |       |     1 ||     1
         Sanctuary         |       |       |       |       |     1 ||     1
Ability: Breathe Fire      |       |       |    17 |    53 |   104 ||   174
  Evoke: Wand              |       |       |       |    33 |     5 ||    38
         Phial of floods   |       |       |       |       |     3 ||     3
         Phantom mirror    |       |       |       |       |     3 ||     3
    Use: Potion            |     1 |       |     1 |    20 |    23 ||    45
         Scroll            |       |     1 |    10 |     8 |    35 ||    54
   Stab: Distracted        |       |       |       |     4 |    10 ||    14
         Sleeping          |       |       |       |     3 |    16 ||    19
         Confused          |       |       |       |     2 |    20 ||    22
         Invisible         |       |       |       |     1 |     5 ||     6
         Held in net/web   |       |       |       |     1 |       ||     1
         Paralysed         |       |       |       |       |    14 ||    14
 Armour: Skin              |    27 |    50 |    54 |   183 |   378 ||   692
  Dodge: Dodged            |    32 |   199 |   236 |   680 |  1128 ||  2275
  Block: Kite shield       |       |       |    22 |    11 |   556 ||   589
         Buckler           |       |       |    14 |   209 |   214 ||   437
         Tower shield      |       |       |       |    42 |    17 ||    59
         Form:             |       |       |     1 |       |       ||     1

Table legend: (Time is in decaauts)
 A = Elapsed time spent in this place.
 B = Non-inter-level travel time spent in this place.
 C = Inter-level travel time spent in this place.
 D = Time resting spent in this place.
 E = Time spent auto-exploring this place.
 F = Levels seen in this place.
 G = Mean time per level.
                   A        B        C        D        E       F      G
               +--------+--------+--------+--------+--------+-----+--------+
         Total |  33327 |  31538 |   1789 |   4746 |  17983 |  31 | 1075.1 |
       Dungeon |  14505 |  13448 |   1057 |   1148 |   8779 |  14 | 1036.1 |
        Temple |     34 |     34 |      0 |      0 |      0 |   1 |   34.0 |
          Lair |  11342 |  10641 |    701 |   1441 |   6686 |   5 | 2268.4 |
         Swamp |     56 |     56 |      0 |      0 |      0 |   1 |   56.0 |
     Snake Pit |    218 |    208 |     10 |      8 |     58 |   1 |  218.0 |
    Slime Pits |      5 |      5 |      0 |      0 |      0 |   1 |    5.0 |
  Orcish Mines |   3047 |   3027 |     20 |    892 |   1024 |   2 | 1523.5 |
   Elven Halls |      3 |      3 |      0 |      0 |      0 |   1 |    3.0 |
         Abyss |     83 |     83 |      0 |     29 |      0 |   1 |   83.0 |
         Sewer |    406 |    406 |      0 |      0 |    171 |   1 |  406.0 |
       Ossuary |    220 |    220 |      0 |      0 |    139 |   1 |  220.0 |
      Ice Cave |   2919 |   2919 |      0 |    969 |   1126 |   1 | 2919.0 |
       Volcano |    484 |    484 |      0 |    258 |      0 |   1 |  484.0 |
               +--------+--------+--------+--------+--------+-----+--------+

Top non-repeatable levels by time:
   IceCv: 2919 daAuts
  Lair:2: 2912 daAuts
  Lair:5: 2808 daAuts
  Lair:4: 2353 daAuts
    D:11: 2215 daAuts
  Lair:3: 1845 daAuts
     D:7: 1766 daAuts
    D:10: 1744 daAuts
   Orc:1: 1602 daAuts
    D:12: 1567 daAuts
   Orc:2: 1445 daAuts
  Lair:1: 1422 daAuts
     D:8: 1244 daAuts
     D:9: 1118 daAuts
     D:5: 804 daAuts
